 Dungeon Sprint DCSS version 0.19-a0-188-ga21aea4 (webtiles) character file.

258 Kidiri the Skirmisher (level 6, -4/87 HPs)
             Began as a Hill Orc Assassin on May 23, 2016.
             Slain by a slime creature (6 damage)
             ... in the Dungeon (Sprint I: "Red Sonja").
             The game lasted 00:03:29 (273 turns).

Kidiri the Skirmisher (Hill Orc Assassin)            Turns: 273, Time: 00:03:30

Health: -4/87      AC:  4    Str: 19    XL:     6   Next: 16%
Magic:  6/6        EV: 14    Int: 11    God:
Gold:   162        SH:  0    Dex: 14    Spells: 0 memorised, 5 levels left

rFire  . . .     SeeInvis .     a - +2 dagger
rCold  . . .     Gourm    .     o - +0 leather armour
rNeg   . . .     Faith    .     (no shield)
rPois  .         Spirit   .     (no helmet)
rElec  .         Dismiss  .     d - +0 cloak
rCorr  .         Reflect  .     (no gloves)
SustAt .         Harm     .     (no boots)
MR     .....     NoTele   +     (no amulet)
Stlth  ..........               (no ring)
                                (no ring)

@: berserking, very quick, not resistant to hostile enchantments, extremely
unstealthy
A: no striking features
a: no special abilities


You were in the Dungeon.
You were not hungry.

You visited 1 branch You collected 162 gold pieces.

Inventory:

Hand Weapons
 a - a +2 dagger (weapon)
 b - a +0 blowgun
Armour
 c - a +0 robe
 d - a +0 cloak (worn)
 o - a +0 leather armour (worn)
Scrolls
 m - a scroll of blinking
Potions
 j - a potion of haste
 k - 2 potions of magic
Comestibles
 g - a bread ration
 n - 5 chunks of flesh


   Skills:
 * Level 6.9 Fighting
 * Level 5.8 Short Blades
 + Level 3.9 Throwing
 + Level 3.9 Armour
 * Level 4.6 Dodging
 * Level 6.0 Stealth


You had 5 spell levels left.
You didn't know any spells.

Dungeon Overview and Level Annotations

Branches:
Dungeon (1/1)

Altars:
Cheibriados
Dithmenos
Fedhas
Sif Muna
Jiyva


Message History

The curare-tipped needle hits the slime creature.
The slime creature is heavily wounded.
The slime creature hits you but does no damage.
Wield which item (- for none, * to show all)? (? for menu, Esc to quit)
a - a +2 dagger (weapon)
The slime creature closely misses you.
Drink which item? (? for menu, Esc to quit)
You feel better. The slime creature hits you!
* * * LOW HITPOINT WARNING * * *
Unknown command.
Drink which item? (? for menu, Esc to quit)
A red film seems to cover your vision as you go berserk!
You feel yourself moving faster!
You feel mighty! The slime creature misses you.
You hit the slime creature.
The slime creature is heavily wounded.
You hit the slime creature.
The slime creature is severely wounded.
The slime creature hits you.
You die...

###################
#<.#..'((#..'..#__#
#..'..#.)((.#..(^.+
#.(#####+#####+#__#
#.(# #..# #(####
#.J# #### #(# #.@#
..+ #⌠⌠# ._# ####
#+#


You could see a slime creature.

Vanquished Creatures
  Sigmund (D)
  An ogre (D)
  Ijyb (D)
3 creatures vanquished.

Notes
Turn   | Place    | Note
--------------------------------------------------------------
     0 | D        | Kidiri the Hill Orc Assassin began the quest for the Orb.
     0 | D        | Reached XP level 1. HP: 18/18 MP: 1/1
     6 | D        | Noticed Ijyb
    23 | D        | Killed Ijyb
    23 | D        | Reached skill level 1 in Armour
    23 | D        | Reached XP level 2. HP: 17/27 MP: 2/2
    23 | D        | Reached XP level 3. HP: 20/33 MP: 3/3
   136 | D        | Noticed an ogre
   138 | D        | Killed an ogre
   138 | D        | Reached skill level 5 in Fighting
   138 | D        | Reached XP level 4. HP: 42/42 MP: 4/4
   152 | D        | Noticed Sigmund
   171 | D        | Killed Sigmund
   171 | D        | Reached skill level 5 in Short Blades
   171 | D        | Reached XP level 5. HP: 49/51 MP: 5/5
   171 | D        | Reached XP level 6. HP: 56/58 MP: 6/6
   224 | D        | Found a deep blue altar of Sif Muna.
   229 | D        | Found a snail-covered altar of Cheibriados.
   229 | D        | Found a viscous altar of Jiyva.
   229 | D        | Found a shadowy altar of Dithmenos.
   229 | D        | Found a blossoming altar of Fedhas.
   229 | D        | Noticed a slime creature
   270 | D        | HP: 1/58 [slime creature (15)]
   273 | D        | Slain by a slime creature

Vault maps used:
D:        dungeon_sprint_1

Skill      XL: |  1  2  3  4 |
---------------+-------------+-----
Fighting       | 3 5 6 |  6.9
Short Blades   | 3 4 5 |  5.8
Throwing       | 2 3 |  3.9
Armour         | 1 2 3 |  3.9
Dodging        | 2 3 4 |  4.6
Stealth        | 4 6 |  6.0

Action                   |  1- 3 |  4- 6 || total
-------------------------+-------+-------++-------
Melee: Dagger            |     6 |    13 ||    19
 Fire: Blowgun           |     4 |    13 ||    17
  Use: Potion            |       |     3 ||     3
 Stab: Sleeping          |     2 |     1 ||     3
Armor: Robe              |     1 |       ||     1
       Leather armour    |       |     2 ||     2
Dodge: Dodged            |     3 |    11 ||    14
